 Seeded DCSS version 0.29-a0-11-ga75d3d97ab (webtiles) character file.

Game seed: 3698939498586987721 (custom seed)

6828 croobank the Covert (level 11, -1/54 HPs)
             Began as an Octopode Fire Elementalist on Jan 29, 2022.
             Was a Priest of Hepliaklqana.
             Slain by a five-headed hydra (6 damage)
             ... on level 1 of the Lair of Beasts.
             The game lasted 01:00:08 (11597 turns).

croobank the Covert (Octopode Fire Elementalist)   Turns: 11597, Time: 01:00:09

Health: -1/54      AC:  5    Str:  9    XL:     11   Next: 5%
Magic:  20/20      EV: 19    Int: 27    God:    Hepliaklqana [***...]
Gold:   52         SH:  0    Dex: 12    Spells: 15/22 levels left

rFire   + . .      SeeInvis .   v - +1 morningstar (holy)
rCold   x . .      Faith    .   (no shield)
rNeg    + . .      Spirit   .   (helmet restricted)
rPois   +          Reflect  .   (no amulet)
rElec   .          Harm     .   k - +4 ring of protection
rCorr   .          Rampage  .   u - +6 ring of intelligence
Will    .....                   C - +4 ring of evasion
Stlth   +++++.....              M - ring of wizardry
HPRegen 0.18/turn               R - ring "Vonnotre" {Fly rPois rF+ rC- rN+}
MPRegen 0.17/turn               (no ring)
                                (no ring)
                                (no ring)

@: flying
A: reduced essence, almost no armour, amphibious, 8 rings, camouflage 1,
gelatinous body 1, (nimble swimmer 1), tentacles
a: Renounce Religion, Recall Ancestor, Ancestor Identity, Transference


You were on level 1 of the Lair of Beasts.
You worshipped Hepliaklqana.
Hepliaklqana was most pleased with you.
You visited 3 branches of the dungeon, and saw 10 of its levels.
You also visited: Bailey.

You collected 1152 gold pieces.
You spent 1100 gold pieces at shops.

Inventory:

Hand Weapons
 a - a +1 war axe of freezing
 b - a +0 hunting sling
 f - a +0 war axe
 h - a +2 long sword of protection
 n - a +5 great sword
 o - a +0 whip of draining
 v - a +1 morningstar of holy wrath (weapon)
 y - a +3 quarterstaff of chaos
 F - a +0 hand crossbow
 K - a +3 spectral lajatang
 N - a +4 spear
 O - a +3 dagger of holy wrath
Missiles
 e - 257 stones
 i - 119 sling bullets
 m - 2 throwing nets
 r - 55 arrows
 s - 20 poisoned darts
 A - 46 bolts
Armour
 c - the +18 shield of the Gong {rElec rN+ Will+ EV-5}
   (You acquired it on level 3 of the Dungeon)

   It is deafeningly noisy when blocking attacks.
   EV:        It affects your evasion (-5).
   rElec:     It insulates you from electricity.
   rN:        It protects you from negative energy.
   Will:      It increases your willpower.
Jewellery
 k - a +4 ring of protection (left tentacle)
 u - a +6 ring of intelligence (right tentacle)
 C - a +4 ring of evasion (on tentacle)
 M - a ring of wizardry (on tentacle)
 R - the ring "Vonnotre" (on tentacle) {Fly rPois rF+ rC- rN+}
   (You bought it in a shop on level 4 of the Dungeon)

   [ring of flight]

   rF:        It protects you from fire.
   rC:        It makes you vulnerable to cold.
   rPois:     It protects you from poison.
   rN:        It protects you from negative energy.
   Fly:       It grants you flight.
Wands
 t - a wand of flame (13)
 D - a wand of polymorph (7)
 Q - a wand of paralysis (10)
 S - a wand of acid (3)
Scrolls
 d - 2 scrolls of summoning
 j - 3 scrolls of teleportation
 x - 3 scrolls of blinking
 z - a scroll of brand weapon {unknown}
 G - a scroll of immolation {unknown}
 H - a scroll of magic mapping
 I - 4 scrolls of torment {unknown}
 L - a scroll of fear {unknown}
Potions
 g - a potion of brilliance
 l - a potion of attraction
 p - 2 potions of lignification
 q - 2 potions of magic
 w - a potion of curing {unknown}
 B - a potion of degeneration {unknown}
 E - 2 potions of flight {unknown}
 P - a potion of might {unknown}


   Skills:
 + Level 6.6 Dodging
 + Level 9.3 Stealth
 * Level 8.8 Shields
 + Level 6.1 Spellcasting
 + Level 6.2 Conjurations
 + Level 7.0 Fire Magic


You had 15 spell levels left.
You knew the following spells:

 Your Spells              Type           Power      Damage    Failure   Level
a - Foxfire               Conj/Fire      100%       2x1d9     1%          1
b - Scorch                Fire           92%        2d10      1%          2
c - Flame Wave            Conj/Fire      44%        2d10      1%          4

Your spell library contained the following spells:

 Spells                   Type           Power      Damage    Failure   Level
 Static Discharge         Conj/Air       25%        N/A       1%          2
 Conjure Flame            Conj/Fire      44%        6-21      1%          3
 Inner Flame              Hex/Fire       27%        N/A       1%          3
 Corpse Rot               Necr/Air       16%        N/A       4%          2
 Lightning Bolt           Conj/Air       12%        1d26      21%         5
 Dispel Undead            Necr           8%         3d8       26%         4
 Petrify                  Tmut/Erth      8%         N/A       26%         4
 Metabolic Englaciation   Hex/Ice        4%         N/A       54%         5
 Death Channel            Necr           4%         N/A       98%         6
 Statue Form              Tmut/Erth      5%         N/A       98%         6
 Maxwell's Capacitive Co  Air            4%         ∞         100%        8


Dungeon Overview and Level Annotations

Branches:
Dungeon (8/15)             Temple (1/1) D:4            Lair (1/6) D:8
 Bailey (visited)

Altars:
Ashenzari
Cheibriados
Dithmenos
Elyvilon
Gozag
Hepliaklqana
Kikubaaqudgha
Makhleb
Nemelex Xobeh
Okawaru
Qazlal
Sif Muna
Trog
Uskayaw
Wu Jian
Yredelemnul
Zin
The Shining One

Shops:
D:2 (   D:4 ===?   D:5 =   D:6 **   D:7 [

Portals:
Ice
Cave: Lair:1


Innate Abilities, Weirdness & Mutations

Your life essence is reduced to manifest your ancestor. (-10% HP)
You cannot wear most types of armour.
You are amphibious.
You can wear up to eight rings at the same time.
Your skin changes colour to match your surroundings (Stealth+).
Your rubbery body absorbs attacks. (AC +1, EV +1)
((You are camouflaged when in or above water. (Stealth+)))
You have tentacles for arms and can constrict up to eight enemies at once.


Message History

You hear the steady crackling of a melting archway nearby.
You start resting.
You hear the steady crackling of a melting archway nearby.
You start resting.
You hear the quick crackling of a melting archway nearby.
You start resting.
HP restored.
As you read the scroll of identify, it crumbles to dust.
d - 2 scrolls of summoning Your +1 morningstar of holy wrath softly glows with a divine radiance!
v - a +1 morningstar of holy wrath (weapon)
You now have 52 gold pieces (gained 14).
You hear the quick crackling of a melting archway very nearby.
A rime drake comes into view.
A rime drake is nearby!
A rime drake comes into view.
Found a frozen archway.
A five-headed hydra comes into view.
You see here 19 stones.
e - 257 stones (gained 19)
The helpless five-headed hydra fails to defend itself.
You puncture the five-headed hydra!
The five-headed hydra is lightly wounded.
The five-headed hydra bites you but does no damage.
The five-headed hydra bites you.
The five-headed hydra barely misses you.
The five-headed hydra misses you. The five-headed hydra bites you.
The five-headed hydra misses you.
The five-headed hydra bites you but does no damage.
The five-headed hydra bites you. The five-headed hydra bites you! x2
You hit the five-headed hydra.
The five-headed hydra is moderately wounded.
The rime drake hisses angrily.
The five-headed hydra bites you!
* * * LOW HITPOINT WARNING * * *
The five-headed hydra completely misses you.
The five-headed hydra misses you. The five-headed hydra bites you.
* * * LOW HITPOINT WARNING * * *
The five-headed hydra bites you.
You die...

....P.....#..........
....#...#.P.#........
.. #...#.....#......
... #.#.#............
....#.........#......
#...#.#.#.....≈....
.#.....P.#...≈#.....
..........#..≈#≈..#..
#.......#@R..#≈...#
........#D..≈..kk.#
P.......P........∩#
..#...........###
......#.....#..≈
.....#..........
.#.....#.......#
.#.....#....


You could see the friendly Xiloxoch the battlemage, a five-headed hydra (ally
target) and 2 rime drakes.

Vanquished Creatures
  A moth of wrath (D:3)
  A komodo dragon (D:8)
  2 kobold demonologists (D:6)
  A basilisk (Lair:1)
  6 yaks
  3 water moccasins
  4 orc warriors
  A sky beast (D:7)
  4 ogres
  Blork the orc (D:4)
  3 kobold brigands
  A bullfrog (Lair:1)
  4 scorpions
  A wyvern skeleton (D:7)
  4 killer bees
  2 wights (D:8)
  A howler monkey (D:8)
  An orc priest (D:4)
  5 hounds
  A jelly (D:4)
  Crazy Yiuf (D:4)
  A bullfrog skeleton (D:5)
  3 iguanas
  6 orc wizards
  A hound skeleton (D:4)
  8 gnolls
  A howler monkey skeleton (D:6)
  3 adders
  An ufetubus (D:5)
  2 worms (D:3)
  24 orcs
  10 ball pythons
  5 bats
  6 endoplasms
  4 goblins
  10 hobgoblins
  16 jackals
  3 quokkas
  5 frilled lizards
  11 kobolds
  6 rats
174 creatures vanquished.

Vanquished Creatures (collateral kills)
  Joseph (D:8)
  A wyvern (Lair:1)
  3 yaks
  2 water moccasins (Lair:1)
  3 orc warriors
  A black bear (D:6)
  A wyvern zombie (D:6)
  A killer bee (D:8)
  3 wights (D:8)
  2 howler monkeys (D:8)
  An electric eel (Lair:1)
  An orc priest (D:8)
  A bullfrog skeleton (D:6)
  A centaur skeleton (D:6)
  An orc wizard (D:8)
  4 orcs
  A hobgoblin (Bailey)
28 creatures vanquished.

Vanquished Creatures (others)
  An ancestor (D:7)
  5 battlemagi
  316 foxfires
  7 fungi
  29 plants
358 creatures vanquished.

Grand Total: 560 creatures vanquished

Notes
Turn   | Place    | Note
-------+----------+-------------------------------------------
     0 | D:1      | croobank the Octopode Fire Elementalist began the quest for
                  | the Orb.
     0 | D:1      | Reached XP level 1. HP: 11/11 MP: 3/3
   729 | D:1      | Reached XP level 2. HP: 17/17 MP: 1/5
   732 | D:1      | Learned a level 2 spell: Scorch
   807 | D:1      | Reached skill level 3 in Stealth
  1455 | D:3      | Identified 2 scrolls of acquirement
  1455 | D:3      | Acquired 740 gold pieces
  1457 | D:3      | Acquired the +18 shield of the Gong {rElec rN+ Will+ EV-5}
  1457 | D:3      | Found the +18 shield of the Gong {rElec rN+ Will+ EV-5}
  1562 | D:3      | Reached XP level 3. HP: 21/21 MP: 3/6
  1995 | D:2      | Reached skill level 1 in Shields
  2027 | D:2      | Reached XP level 4. HP: 27/27 MP: 3/7
  2328 | D:2      | Found Afealo's Antique Weapon Shoppe.
  2595 | D:2      | Reached XP level 5. HP: 31/31 MP: 0/8
  3185 | D:3      | Found a faded altar of an unknown god.
  3314 | D:3      | Noticed a moth of wrath
  3317 | D:3      | Found a bloodstained altar of Trog.
  3331 | D:3      | Reached skill level 4 in Stealth
  3780 | D:3      | Learned a level 4 spell: Flame Wave
  3874 | D:3      | Reached XP level 6. HP: 26/36 MP: 0/10
  4022 | D:4      | Found Merphoniawn's Jewellery Emporium.
  4026 | D:4      | Found Habayt's Jewellery Shop.
  4034 | D:4      | Found a staircase to the Ecumenical Temple.
  4038 | D:4      | Found Buisatza's Jewellery Boutique.
  4055 | D:4      | Bought a +6 ring of intelligence for 643 gold pieces
  4082 | Temple   | Entered the Ecumenical Temple
  4276 | Temple   | Became a worshipper of Hepliaklqana the Forgotten
  4714 | D:3      | Killed a moth of wrath
  4715 | D:3      | Reached skill level 5 in Stealth
  4715 | D:3      | Reached XP level 7. HP: 41/41 MP: 0/12
  4857 | D:4      | Noticed Blork the orc
  4862 | D:4      | Killed Blork the orc
  4942 | D:4      | Found Ezin's Magic Scroll Shop.
  4950 | D:4      | Bought a scroll of identify for 22 gold pieces
  4953 | D:4      | Bought a scroll of identify for 22 gold pieces
  4953 | D:4      | Bought a scroll of identify for 22 gold pieces
  4976 | D:4      | Reached XP level 8. HP: 46/46 MP: 8/13
  5331 | D:4      | Found a runed translucent door.
  5332 | D:4      | Noticed Crazy Yiuf
  5392 | D:4      | Killed Crazy Yiuf
  5480 | D:5      | Entered Level 5 of the Dungeon
  5514 | D:5      | Found a broken altar of Ashenzari.
  5520 | D:5      | Found a stormy altar of Qazlal.
  5523 | D:5      | Found a glowing golden altar of the Shining One.
  5523 | D:5      | Found a sparkling altar of Nemelex Xobeh.
  5530 | D:5      | Found a shadowy altar of Dithmenos.
  5819 | D:5      | Reached skill level 6 in Stealth
  5822 | D:5      | Reached skill level 5 in Shields
  6138 | D:5      | Reached * piety under Hepliaklqana
  6147 | D:5      | Reached skill level 5 in Fire Magic
  6201 | D:5      | Found Hareut's Jewellery Shoppe.
  6752 | D:6      | Reached XP level 9. HP: 45/45 MP: 7/15
  7066 | D:6      | Found Rezox's Specific Store.
  7069 | D:6      | Found Etukku's General Store.
  7073 | D:6      | Bought a scroll of identify for 30 gold pieces
  7176 | D:6      | Noticed a kobold demonologist
  7177 | D:6      | Noticed a kobold demonologist
  7182 | D:6      | Killed a kobold demonologist
  7190 | D:6      | Killed a kobold demonologist
  7191 | D:6      | Reached skill level 5 in Dodging
  7191 | D:6      | Reached skill level 7 in Stealth
  7923 | D:7      | Reached skill level 5 in Spellcasting
  8070 | D:7      | Reached ** piety under Hepliaklqana
  8075 | D:7      | Remembered your ancestor Xiloxoch as a battlemage
  8185 | D:7      | Found a flagged portal.
  8196 | Bailey   | Entered a bailey
  8217 | Bailey   | Reached skill level 5 in Conjurations
  8265 | Bailey   | Noticed an orc knight
  8622 | D:7      | Found Emmetoh's Armour Emporium.
  8713 | D:7      | Reached XP level 10. HP: 50/50 MP: 11/17
  8807 | D:8      | Noticed Joseph
  8816 | D:7      | Reached skill level 8 in Stealth
  9112 | D:7      | HP: 2/50 [yak (13)]
  9881 | D:8      | Killed Joseph
 10215 | D:8      | Acquired a +3 spectral lajatang
 10620 | D:8      | Reached *** piety under Hepliaklqana
 10762 | D:8      | Found a staircase to the Lair.
 10872 | D:4      | Bought the ring "Vonnotre" {Fly rPois rF+ rC- rN+} for 361
                  | gold pieces
 10974 | Lair:1   | Entered Level 1 of the Lair of Beasts
 11035 | Lair:1   | Reached skill level 9 in Stealth
 11300 | Lair:1   | Noticed a six-headed hydra
 11301 | Lair:1   | Reached XP level 11. HP: 38/54 MP: 20/20
 11582 | Lair:1   | Found a frozen archway.
 11583 | Lair:1   | Noticed a five-headed hydra
 11597 | Lair:1   | Slain by a five-headed hydra

Illustrated notes

Levels and vault maps discovered:
D:1:      roderic_octagonal_star, layout_loops_corners, serial_rivers,
          chequers_serial_rivers_room_b, chequers_serial_rivers_micro_e,
          chequers_serial_rivers_micro_c, chequers_serial_rivers_micro_a,
          chequers_serial_rivers_micro_e
D:2:      layout_loops_ring, serial_shops, shop_fountains
D:3:      layout_basic, tgw_trog, shapermc_ecumenical_altar_mp_ritualfount,
          grunt_ministairs_8
D:4:      layout_gridville, minmay_temple_entry_grid, serial_shops,
          shop_fountains, shop_fountains, kennysheep_mini, shop,
          uniq_blork_the_orc, uniq_crazy_yiuf_cottage
D:5:      layout_cave_pods, nicolae_overflow_hallway_of_the_gods, serial_shops,
          shop, nicolae_zen_rock_garden, corexii_item_surrounded_by_moat,
          solitary_fountain
D:6:      layout_loops_cross, nicolae_specific_store
D:7:      layout_rooms, enter_bailey_6, serial_shops,
          nicolae_shop_hallway_stairs, chequers_serial_rivers_micro_e,
          hangedman_decor_push
D:8:      layout_layer_cave, david_lair_shrubbed, grunt_decor_junction,
          uniq_joseph
Temple:   nicolae_temple_hex_pool
Lair:1:   layout_long_grid, portal_ice_cave_rime, serial_bayou_shore_a,
          grunt_megastairs_1, infiniplex_staircase_pool

Skill      XL: |  1  2  3  4  5  6  7  8  9 10 |
---------------+-------------------------------+-----
Stealth        | 3 4 5 6 7 9 |  9.3
Shields        | 1 2 3 4 5 7 8 |  8.8
Conjurations   | 2 3 4 5 6 |  6.2
Dodging        | 3 4 5 6 |  6.6
Spellcasting   | 3 4 5 6 |  6.1
Fire Magic     | 4 5 6 7 |  7.0

Action                   |  1- 3 |  4- 6 |  7- 9 | 10-12 || total
-------------------------+-------+-------+-------+-------++-------
Melee: Dagger            |    15 |       |       |       ||    15
       Tentacles         |     4 |     4 |     9 |    13 ||    30
       Constrict         |     5 |     3 |     8 |     5 ||    21
       Hand axe          |     6 |     1 |       |       ||     7
       Whip              |       |     2 |       |       ||     2
       Punch             |       |     2 |       |     1 ||     3
       War axe           |       |     9 |    48 |    27 ||    84
       Lajatang          |       |       |       |    16 ||    16
       Morningstar       |       |       |       |     2 ||     2
 Cast: Foxfire           |    52 |    51 |    67 |    21 ||   191
       Scorch            |     2 |    48 |    70 |    27 ||   147
       Flame Wave        |       |       |       |     1 ||     1
Invok: Ancestor Life: Ba |       |       |     1 |       ||     1
Evoke: Wand              |       |       |     1 |       ||     1
  Use: Scroll            |     2 |     1 |     9 |     3 ||    15
       Potion            |       |     1 |     1 |     1 ||     3
 Stab: Sleeping          |       |       |       |     4 ||     4
       Distracted        |       |       |       |     2 ||     2
Armor: Skin              |     2 |     4 |    10 |     9 ||    25
Dodge: Dodged            |     7 |     9 |    10 |    31 ||    57
Block: Kite shield       |    25 |    43 |    81 |    58 ||   207

Table legend: (Time is in decaauts)
 A = Elapsed time spent in this place.
 B = Non-inter-level travel time spent in this place.
 C = Inter-level travel time spent in this place.
 D = Time resting spent in this place.
 E = Time spent auto-exploring this place.
 F = Levels seen in this place.
 G = Mean time per level.
                   A        B        C        D        E       F      G
               +--------+--------+--------+--------+--------+-----+--------+
         Total |  11630 |  11131 |    499 |   1907 |   6993 |  11 | 1057.3 |
       Dungeon |  10694 |  10212 |    482 |   1444 |   6765 |   8 | 1336.8 |
        Temple |    213 |    196 |     17 |    144 |     31 |   1 |  213.0 |
          Lair |    627 |    627 |      0 |    313 |    197 |   1 |  627.0 |
        Bailey |     95 |     95 |      0 |      6 |      0 |   1 |   95.0 |
               +--------+--------+--------+--------+--------+-----+--------+

Top non-repeatable levels by time:
     D:3: 2097 daAuts
     D:7: 1751 daAuts
     D:1: 1472 daAuts
     D:5: 1331 daAuts
     D:8: 1280 daAuts
     D:6: 1026 daAuts
     D:2: 997 daAuts
     D:4: 737 daAuts
  Lair:1: 627 daAuts
  Temple: 213 daAuts
  Bailey: 95 daAuts
